 Dungeon Crawl Stone Soup version 0.28-a0-1395-g4f6bc678fa (webtiles) character file.

Game seed: 4412567568543858553

19 2tousent the Sneak (level 2, -2/19 HPs)
             Began as a Vampire Enchanter on Jan 4, 2022.
             Slain by a kobold (7 damage)
             ... on level 1 of the Dungeon.
             The game lasted 00:01:18 (387 turns).

2tousent the Sneak (Vampire Enchanter)               Turns: 387, Time: 00:01:19

Health: -2/19      AC:  2    Str:  7    XL:     2   Next: 55%
Magic:  5/5        EV: 12    Int: 17    God:
Gold:   21         SH:  0    Dex: 14    Spells: 5/5 levels left

rFire   . . .      SeeInvis +   a - +1 dagger
rCold   . . .      Faith    .   d - orb {mayhem}
rNeg    . . .      Spirit   .   b - +0 robe
rPois   .          Reflect  .   (no helmet)
rElec   .          Harm     .   (no cloak)
rCorr   .          Rampage  .   (no gloves)
Will    .....                   (no boots)
Stlth   +++.......              (no amulet)
HPRegen 0.26/turn               (no ring)
MPRegen 0.09/turn               (no ring)

@: healing quickly
A: alive, fangs 3, see invisible, vampiric 1
a: Exsanguinate


You were on level 1 of the Dungeon.
You visited 1 branch of the dungeon, and saw 1 of its levels.

You collected 21 gold pieces.

Inventory:

Hand Weapons
 a - a +1 dagger (weapon)
Armour
 b - a +0 robe (worn)
 d - an orb of mayhem (worn)
Potions
 c - a potion of invisibility
 e - a potion of lignification {unknown}


   Skills:
 + Level 1.5 Short Blades
 - Level 2.1 Dodging
 * Level 5.1 Stealth
 - Level 2.0 Spellcasting
 * Level 5.0 Hexes


You had 5 spell levels left.
You didn't know any spells.
Your spell library contained the following spells:

 Spells                   Type           Power      Damage    Failure   Level
 Confusing Touch          Hex            18%        N/A       8%          3
 Tukima's Dance           Hex            18%        N/A       8%          3
 Ensorcelled Hibernation  Hex/Ice        20%        N/A       11%         2
 Dazzling Flash           Conj/Hex       20%        N/A       21%         3


Dungeon Overview and Level Annotations

Branches:
Dungeon (1/15)

Altars:


Innate Abilities, Weirdness & Mutations

Your natural rate of healing is accelerated.
You have razor-sharp teeth.
You have supernaturally acute eyesight. (SInv)
You are afflicted with vampirism.


Message History

No target in view!
No target in view!
An endoplasm and a kobold come into view.
A goblin comes into view. It is wielding a +0 dagger.
The goblin shouts!
A hobgoblin comes into view.
The hobgoblin moves out of view.
The goblin hits you but does no damage.
The kobold shouts!
You hit the goblin but do no damage. The goblin hits you with a +0 dagger.
You barely miss the kobold. The goblin hits you with a +0 dagger.
The kobold hits you with a +0 short sword.
You are too injured to fight recklessly!
You are too injured to fight recklessly!
The kobold hits you with a +0 short sword.
You hit the goblin.
The goblin is moderately wounded.
The goblin hits you with a +0 dagger.
You hit the goblin.
You kill the goblin!
The kobold flies into a frenzy!
Your Hexes skill increases to level 5!
The kobold hits the hobgoblin with a +0 short sword.
The kobold hits the hobgoblin with a +0 short sword!
The hobgoblin dies!
Things that are here:
a +0 dagger; a goblin corpse The kobold shouts!
Found a glowing hat.
The kobold shouts!
You barely miss the kobold. The kobold hits you but does no damage.
The kobold hits you with a +0 short sword.
* * * LOW HITPOINT WARNING * * *
A hobgoblin comes into view.
Found a stone staircase leading down.
The hobgoblin shouts!
Found a yellow potion.
You hear a shout!
The kobold hits you with a +0 short sword!
You die...

....... ..... .## ## .
.... ... . .. #.. ..# .#
...######.#####.##.##
..>.....#..!. ......[..#
..........#####..#.##...
#..[..@K....).†.#.##...
#........#####..#.##...
.'..g...'...............
.#......#.#####..#.##...
####...#.J......#.##...
#...#.#####.##.#....
.'...'...............
##...###.######......
................


You could see an endoplasm, a hobgoblin and a neutral kobold (fast, strong,
insane).

Vanquished Creatures
  A ball python (D:1)
  An endoplasm (D:1)
  A giant cockroach (D:1)
  3 goblins (D:1)
  2 hobgoblins (D:1)
  A kobold (D:1)
  3 bats (D:1)
  A frilled lizard (D:1)
  2 rats (D:1)
15 creatures vanquished.

Vanquished Creatures (collateral kills)
  A hobgoblin (D:1)
1 creature vanquished.

Vanquished Creatures (others)
  A goblin (D:1)
1 creature vanquished.

Grand Total: 17 creatures vanquished

Notes
Turn   | Place    | Note
-------+----------+-------------------------------------------
     0 | D:1      | 2tousent the Vampire Enchanter began the quest for the Orb.
     0 | D:1      | Reached XP level 1. HP: 13/13 MP: 3/3
   197 | D:1      | Reached XP level 2. HP: 19/19 MP: 5/5
   313 | D:1      | Reached skill level 5 in Stealth
   380 | D:1      | Reached skill level 5 in Hexes
   387 | D:1      | Slain by a kobold

Illustrated notes

Levels and vault maps discovered:
D:1:      dpeg_arrival_simpleton_a, layout_basic, minmay_misc_feat_cross,
          minmay_misc_feat_rows, minmay_misc_feat_secret_circle,
          minmay_tetromino_l2

Skill      XL: |  1  2 |
---------------+-------+-----
Stealth        | 5 |  5.1
Hexes          | 5 |  5.0
Short Blades   | |  1.5
Dodging        | |  2.1
Spellcasting   | |  2.0

Action                   || total
-------------------------++-------
Melee: Dagger            ||    73
       Bite              ||     3
 Stab: Sleeping          ||     2
Armor: Robe              ||    23
Dodge: Dodged            ||    61

Table legend: (Time is in decaauts)
 A = Elapsed time spent in this place.
 B = Non-inter-level travel time spent in this place.
 C = Inter-level travel time spent in this place.
 D = Time resting spent in this place.
 E = Time spent auto-exploring this place.
 F = Levels seen in this place.
 G = Mean time per level.
                   A        B        C        D        E       F      G
               +--------+--------+--------+--------+--------+-----+--------+
         Total |    381 |    369 |     12 |      7 |    199 |   1 |  381.0 |
       Dungeon |    381 |    369 |     12 |      7 |    199 |   1 |  381.0 |
               +--------+--------+--------+--------+--------+-----+--------+

Top non-repeatable levels by time:
     D:1: 381 daAuts
